AoeStats
← PALITOMAN

Black Forest

509725242Analyzed
4v4 RM · 5d ago on Sep 27, 2026· 38m 43s· 8 players
Game mode
Random Map
Map size
Large (8 player)
Population
200
Speed
Normal
Resources
Standard
Victory
Conquest
Starting age
Dark Age
Ending age
Imperial Age
RankedLock teamsTeams togetherTeam positionsShared explorationLock speedFull tech treeHidden civsTurbo modeCheats
Victory
Defeat
🇦🇷 Varangians · Argentina
1220
+12
🇦🇷 Bohemians · Argentina
1183
+14
🇪🇸 Romans · Spain
1169
+15
🇦🇷 Japanese · Argentina
1155
+15
🇺🇦 Bohemians · Ukraine
1194
-16
🇫🇷 Turks · France
1155
-15
🇨🇭 Persians · Switzerland
1111
-13
🇹🇷 Lithuanians · Türkiye
1094
-12
loicreste
5:23 Loom
14:30 Feudal Age
15:22 Double-Bit Axe
15:19 Horse Collar
15:32 Gold Mining
18:57 Castle Age
18:37 Wheelbarrow
20:09 Bow Saw
20:04 Heavy Plow
25:02 Imperial Age
23:00 Forging
22:56 Scale Barding Armor
24:55 Iron Casting
¬"M°rph!ne !? .CH
6:20 Loom
10:48 Feudal Age
14:50 Castle Age
13:58 Double-Bit Axe
13:58 Horse Collar
16:21 Heavy Plow
21:24 Bow Saw
26:10 Forging
26:05 Scale Barding Armor
26:59 Husbandry
27:10 Bloodlines
27:57 Iron Casting
30:24 Imperial Age
30:53 Chain Barding Armor
30:15 Cavalier
32:00 Blast Furnace
32:14 Plate Barding Armor
31:36 Savar
34:02 Wheelbarrow
aragorn
0:34 Loom
12:10 Feudal Age
13:41 Wheelbarrow
16:42 Castle Age
15:28 Double-Bit Axe
16:53 Stone Mining
18:22 Horse Collar
21:15 Heavy Plow
23:00 Bow Saw
26:30 Scale Barding Armor
26:45 Husbandry
27:13 Gold Mining
27:47 Bloodlines
31:21 Chain Barding Armor
32:58 Fletching
33:19 Forging
33:56 Murder Holes
nikikiker
1:10 Loom
13:15 Feudal Age
18:34 Castle Age
18:01 Double-Bit Axe
17:57 Horse Collar
21:05 Chemistry
20:37 Padded Archer Armor
31:14 Padded Archer Armor
31:52 Bow Saw
ELTRAVERO
0:26 Loom
14:29 Feudal Age
15:38 Double-Bit Axe
18:15 Town Watch
21:29 Castle Age
20:47 Fletching
23:15 Wheelbarrow
23:48 Chemistry
23:41 Bow Saw
24:01 Crossbowman
25:03 Fervor
25:52 Ballistics
28:48 Pikeman
32:28 Horse Collar
32:53 Squires
36:26 Fortified Wall
36:20 Scale Mail Armor
36:30 Forging
36:59 Sanctity
41:22 Imperial Age
CyclicGnat62091
0:39 Loom
11:22 Feudal Age
16:51 Castle Age
14:52 Double-Bit Axe
16:36 Gold Mining
21:21 Bow Saw
23:04 Wheelbarrow
25:25 Town Watch
25:34 Stone Mining
27:11 Hand Cart
26:58 Town Patrol
26:47 Horse Collar
31:04 Imperial Age
28:50 Scale Mail Armor
29:54 Gold Shaft Mining
29:10 Arson
29:26 Squires
29:47 Forging
30:03 Gambesons
30:35 Chain Mail Armor
30:43 Heavy Plow
32:21 Iron Casting
33:11 Plate Mail Armor
33:01 Elite Samurai
35:39 Blast Furnace
37:45 Kataparuto
PALITOMAN
2:55 Loom
11:50 Feudal Age
14:11 Double-Bit Axe
17:01 Castle Age
19:23 Redemption
29:09 Horse Collar
36:23 Forging
36:13 Scale Mail Armor
38:57 Imperial Age
37:40 Wheelbarrow
37:29 Bow Saw
el maldito asfalto
0:31 Loom
13:02 Feudal Age
16:43 Castle Age
16:18 Double-Bit Axe
16:14 Horse Collar
17:44 Bow Saw
17:47 Heavy Plow
24:26 Wheelbarrow
27:17 Gold Mining
27:18 Stone Mining
27:50 Hand Cart
29:04 Stone Shaft Mining
29:22 Town Watch
32:50 Imperial Age
30:30 Town Patrol
30:56 Ballistics
30:27 Fletching
30:37 Padded Archer Armor
31:43 Bodkin Arrow
32:04 Leather Archer Armor
33:15 Heavy Mounted Crossbowman
33:15 Cranequins
35:02 Conscription
34:43 Bracer
36:02 Ring Archer Armor
36:33 Chemistry
36:52 Bloodlines
36:42 Husbandry
Connection lost

Rejoining the realm…

Still unreachable

The connection could not be restored.

Session expired

The server has moved on; the page needs a fresh start.